 Dungeon Crawl Stone Soup version 0.23-a0-270-gab6feb3 (webtiles) character file.

12787 CozyGlow the Fighter (level 11, -8/162 HPs)
             Began as a Hill Orc Monk on Sept 30, 2018.
             Was an Elder of Beogh.
             Mangled by an ice devil (9 damage)
             ... on level 13 of the Dungeon on Oct 1, 2018.
             The game lasted 00:44:59 (16607 turns).

CozyGlow the Fighter (Hill Orc Monk)               Turns: 16607, Time: 00:45:00

Health: -8/162     AC: 25    Str: 18    XL:     11   Next: 98%
Magic:  17/17      EV:  2    Int: 10    God:    Beogh [****..]
Gold:   555        SH:  0    Dex: 13    Spells: 10/10 levels left

rFire    x . .     SeeInvis .   V - +2 war axe
rCold    + . .     Gourm    .   (no shield)
rNeg     + + +     Faith    .   (armour currently unavailable)
rPois    +         Spirit   .   (helmet currently unavailable)
rElec    .         Reflect  .   (cloak currently unavailable)
rCorr    .         Harm     +   (gloves currently unavailable)
MR       .....     NoTele   +   (boots currently unavailable)
Stlth    ++........             B - amulet of harm
HPRegen  0.37/turn              Q - ring of poison resistance
MPRegen  0.15/turn              q - ring of ice

@: tree-form (expiring)
A: no striking features
a: Smiting, Recall Orcish Followers, Renounce Religion


You were on level 13 of the Dungeon.
You worshipped Beogh.
Beogh was greatly pleased with you.
You were near starving.
You were a tree.
You visited 2 branches of the dungeon, and saw 14 of its levels.

You collected 555 gold pieces.

Inventory:

Hand Weapons
 M - a +0 scimitar of protection
 V - a +2 war axe (weapon)
Missiles
 z - 3 tomahawks of returning
 L - 3 poisoned tomahawks (quivered)
Armour
 b - a +0 robe
 s - a +2 plate armour (melded)
 O - a +0 helmet (melded)
 T - a +2 pair of gloves (melded)
 U - a +1 cloak (melded)
Jewellery
 c - an uncursed ring of fire {unknown}
 i - an uncursed ring of stealth
 q - a ring of ice (right branch)
 B - an amulet of harm (around neck)
 Q - a ring of poison resistance (left branch)
Wands
 y - a wand of enslavement (17)
 D - a wand of paralysis (27)
 G - a wand of polymorph (8)
Scrolls
 a - a scroll of random uselessness {unknown}
 e - 6 scrolls of remove curse
 k - a scroll of fear
 l - 3 scrolls of teleportation
 m - a scroll of amnesia
 r - a scroll of magic mapping
 t - a scroll of fog
 v - a scroll of blinking {unknown}
 w - a scroll of immolation {unknown}
 I - a scroll of torment
 P - a scroll of brand weapon {unknown}
Potions
 d - 3 potions of degeneration
 f - 2 potions of curing
 g - 2 potions of agility
 h - 2 potions of brilliance
 n - a potion of ambrosia {unknown}
 p - a potion of mutation {unknown}
 u - 3 potions of lignification
 F - a potion of berserk rage {unknown}
 K - a potion of flight {unknown}
 N - a potion of magic {unknown}
 W - a potion of resistance {unknown}
 X - a potion of might {unknown}
Miscellaneous
 A - a crystal ball of energy
 S - a crystal ball of energy
Comestibles
 j - 4 chunks of flesh


   Skills:
 * Level 13.6 Fighting
 - Level 2.0 Long Blades
 + Level 11.7 Axes
 + Level 9.5 Armour
 + Level 5.1 Dodging
 - Level 2.0 Stealth
 - Level 8.0 Invocations


You had 10 spell levels left.
You didn't know any spells.
Your spell library was empty.

Dungeon Overview and Level Annotations

Branches:
Dungeon (13/15)            Temple (1/1) D:5            Lair (0/6) D:11
    Orc (0/2) D:12
 Vaults: D:13-14

Altars:
Ashenzari
Cheibriados
Dithmenos
Elyvilon
Fedhas
Gozag
Hepliaklqana
Kikubaaqudgha
Makhleb
Nemelex Xobeh
Okawaru
Qazlal
Ru
Sif Muna
Trog
Uskayaw
Vehumet
Wu Jian
Xom
Yredelemnul
Zin
The Shining One
Jiyva

Annotations:
D:3 1 runed door, Satan's ghost, amateur DsMo
D:4 Eustachio
D:8 3 runed doors, CozyGlow's ghost, novice DDFi
D:11 exclusion: 2 oklob plants
D:13 Snorg


Message History

You slash the ice devil!
You kill the ice devil!
Beogh accepts your kill.
You feel better.
The ice devil hits you but does no damage.
You hit the ice devil.
The ice devil is lightly wounded.
The ice devil hits you.
* * * LOW HITPOINT WARNING * * *
The ice devil freezes you! You resist.
* * * LOW HITPOINT WARNING * * *
You closely miss the ice devil.
The ice devil is lightly wounded.
The ice devil hits you but does no damage.
You hit the ice devil.
The ice devil is moderately wounded.
The ice devil hits you!
* * * LOW HITPOINT WARNING * * *
The ice devil freezes you! You resist.
You die...

*,** ***,* *,,,*
***** ******
###***,,.,*
#.+,##...,* *****
#.#......∩* *,,,*
#♣4.#*,,,,* *,,,,
#†###*,,,,* *,,,,
#.# ****** *,,,*
#.########## *,,,#
#....Vo.o..# *###.
#########..####..,
#....##.#*
##o#.##.##
#.#....#.


You could see an ice devil.

Vanquished Creatures
  A centaur warrior (D:13)
  2 two-headed ogres
  An ugly thing (D:12)
  A cyclops (D:12)
  An ice devil (D:13)
  2 trolls
  2 hippogriffs
  2 shadows (D:13)
  A wyvern (D:12)
  Sigmund (D:6)
  A vampire (D:13)
  A human (D:8)
  5 yaks (D:12)
  A steam dragon (D:12)
  4 sky beasts
  4 phantoms
  3 orc warriors
  2 ice beasts
  A necrophage (D:11)
  2 black bears
  3 ogres
  6 centaurs
  A crocodile (D:12)
  6 bullfrogs
  A wyvern skeleton (D:11)
  4 killer bees (D:11)
  2 wights (D:11)
  7 howler monkeys
  5 crimson imps
  4 bullfrog zombies
  2 centaur zombies
  2 quasits
  5 hounds
  3 jellies
  A bullfrog skeleton (D:8)
  3 orc priests
  3 centaur skeletons
  12 worker ants
  Natasha (thrice) (D:4)
  3 iguanas
  10 orc wizards
  A killer bee zombie (D:10)
  A hound skeleton (D:5)
  A worker ant zombie (D:11)
  Robin (D:4)
  13 gnolls
  10 adders
  A shadow imp (D:7)
  An ooze (D:2)
  2 adder zombies
  An adder skeleton (D:4)
  3 worms
  4 leopard geckos
  29 orcs
  4 giant cockroaches
  17 goblins
  5 hobgoblins
  20 jackals
  7 kobolds
  5 quokkas
  2 ball pythons
  4 bats
  3 frilled lizards
  A jackal skeleton (D:8)
  A quokka skeleton (D:5)
  5 rats (D:1)
266 creatures vanquished.

Vanquished Creatures (collateral kills)
  Gastronok (D:11)
  An unseen horror (D:12)
  A manticore (D:11)
  A gargoyle (D:11)
  A hungry ghost (D:11)
  A phantom (D:13)
  An ogre (D:10)
  2 wights (D:11)
  An adder (D:10)
  An adder skeleton (D:9)
  3 orcs
14 creatures vanquished.

Vanquished Creatures (others)
  2 orc knights
  3 orc priests
  3 orc wizards
  3 worker ants (D:5)
  2 adders
  A leopard gecko (D:5)
  22 orcs
36 creatures vanquished.

Grand Total: 316 creatures vanquished

Notes
Turn   | Place    | Note
-------+----------+-------------------------------------------
     0 | D:1      | CozyGlow the Hill Orc Monk began the quest for the Orb.
     0 | D:1      | Reached XP level 1. HP: 19/19 MP: 1/1
    50 | D:1      | Reached XP level 2. HP: 21/27 MP: 2/2
   143 | D:1      | Reached skill level 4 in Fighting
   210 | D:1      | Reached XP level 3. HP: 32/33 MP: 3/3
  1238 | D:2      | Reached skill level 1 in Armour
  1537 | D:2      | Reached XP level 4. HP: 41/41 MP: 4/4
  1937 | D:3      | Reached skill level 5 in Axes
  2320 | D:3      | Found a runed door.
  2325 | D:3      | Noticed Satan's ghost (amateur DsMo)
  2507 | D:4      | Reached XP level 5. HP: 27/47 MP: 5/5
  2925 | D:4      | Noticed Natasha
  2944 | D:4      | Killed Natasha
  2964 | D:4      | Became a worshipper of Beogh the Brigand
  2964 | D:4      | Reached * piety under Beogh
  2964 | D:4      | Reached ** piety under Beogh
  3059 | D:4      | Reached skill level 5 in Fighting
  3283 | D:4      | Reached XP level 6. HP: 54/56 MP: 6/6
  3380 | D:4      | Noticed Natasha
  3654 | D:4      | Killed Natasha
  3899 | D:4      | Noticed Natasha
  3908 | D:4      | Killed Natasha
  3908 | D:4      | Reached skill level 1 in Invocations
  4059 | D:4      | Noticed Robin
  4093 | D:4      | Killed Robin
  4210 | D:4      | Noticed Eustachio
  4680 | D:4      | Reached XP level 7. HP: 56/62 MP: 8/8
  5048 | D:4      | Reached skill level 6 in Fighting
  5386 | D:5      | Entered Level 5 of the Dungeon
  5608 | D:5      | Found a staircase to the Ecumenical Temple.
  5638 | Temple   | Entered the Ecumenical Temple
  6194 | D:5      | Found a shimmering altar of Xom.
  6413 | D:5      | Reached XP level 8. HP: 65/71 MP: 10/10
  6467 | D:5      | Reached *** piety under Beogh
  6759 | D:6      | HP: 3/71 [gnoll/flail of protection (9)]
  7500 | D:6      | Reached skill level 5 in Armour
  7637 | D:6      | Reached skill level 7 in Fighting
  7802 | D:6      | Noticed Sigmund
  7818 | D:6      | Killed Sigmund
  7888 | D:6      | Reached skill level 5 in Invocations
  8386 | D:6      | Reached skill level 8 in Fighting
  8471 | D:7      | Reached XP level 9. HP: 56/81 MP: 11/13
  8757 | D:7      | Found a burning altar of Makhleb.
  8757 | D:7      | Noticed a green death
  8761 | D:7      | Noticed a hellwing
  8867 | D:7      | Found an ancient bone altar of Kikubaaqudgha.
  8913 | D:7      | Found a sparkling altar of Nemelex Xobeh.
  8914 | D:7      | Found a sacrificial altar of Ru.
  8995 | D:7      | Found a radiant altar of Vehumet.
  9267 | D:7      | Found an iron altar of Okawaru.
  9345 | D:7      | Found a shattered altar of Ashenzari.
  9345 | D:7      | Found a faded altar of an unknown god.
  9351 | D:7      | Found a white marble altar of Elyvilon.
  9353 | D:7      | Found a shadowy altar of Dithmenos.
  9354 | D:7      | Found an ornate altar of the Wu Jian Council.
  9640 | D:8      | Reached skill level 9 in Fighting
 10153 | D:8      | Found a hide-covered altar of Uskayaw.
 10253 | D:8      | Found a runed gate.
 10254 | D:8      | Found a runed gate.
 10254 | D:8      | Found a runed gate.
 10278 | D:8      | Noticed CozyGlow's ghost (novice DDFi)
 10291 | D:8      | Found a viscous altar of Jiyva.
 10320 | D:8      | Noticed a two-headed ogre
 10337 | D:8      | Killed a two-headed ogre
 10337 | D:8      | Reached skill level 10 in Fighting
 10337 | D:8      | Reached XP level 10. HP: 28/94 MP: 9/15
 11185 | D:9      | Reached skill level 1 in Long Blades
 12522 | D:10     | Entered Level 10 of the Dungeon
 12607 | D:10     | Reached skill level 11 in Fighting
 13493 | D:11     | Reached skill level 10 in Axes
 13593 | D:11     | Found a labyrinth entrance.
 13611 | D:11     | Noticed a manticore
 13620 | D:11     | Killed a manticore
 13712 | D:11     | Noticed a gargoyle
 13721 | D:11     | Killed a gargoyle
 13725 | D:11     | Noticed an oklob plant
 13734 | D:11     | Noticed Gastronok
 13751 | D:11     | Killed Gastronok
 13751 | D:11     | Reached skill level 12 in Fighting
 13751 | D:11     | Reached XP level 11. HP: 33/104 MP: 17/17
 14334 | D:11     | Found a staircase to the Lair.
 14339 | D:11     | Noticed an oklob plant
 14524 | D:12     | Noticed a cyclops
 15107 | D:12     | Reached **** piety under Beogh
 15302 | D:12     | Noticed a red ugly thing
 15325 | D:12     | Killed a red ugly thing
 15357 | D:12     | Found a staircase to the Orcish Mines.
 15663 | D:12     | Reached skill level 13 in Fighting
 15697 | D:12     | Killed a cyclops
 15711 | D:12     | Killed an unseen horror
 15756 | D:12     | Gained Bogric as an ally
 16005 | D:13     | Noticed a two-headed ogre
 16012 | D:13     | Killed a two-headed ogre
 16021 | D:13     | Noticed Snorg
 16040 | D:13     | Your ally Bogric died
 16372 | D:13     | Noticed a centaur warrior
 16397 | D:13     | Killed a centaur warrior
 16397 | D:13     | Reached skill level 5 in Dodging
 16607 | D:13     | HP: 1/162 [ice devil (9)]
 16607 | D:13     | Mangled by an ice devil

Vault maps used:
D:1:      dpeg_arrival_chase
D:2:      serial_glass, glass_columns_a, glass_columns_a
D:3:      first_ration, ebering_ghost_reflecting_pool, kennysheep_flooded_box
D:4:      minmay_strange_pillars, uniq_eustachio, uniq_natasha, uniq_robin
D:5:      temple_green, xom_confusion_cloud
D:6:      uniq_sigmund
D:7:      kennysheep_little_box, gammafunk_temple_overflow_statue,
          makhleb_altar_promises_db, chequers_temple_overflow_minitemple,
          lemuel_round_altar, vehumet_crystals
D:8:      eat_drink_and_be_merry_uskayaw, gammafunk_ghost_ooze, grunt_pizzeria
D:10:     kennysheep_pointless_box
D:11:     dpeg_oklobed_lair, lab_entry_generic, uniq_gastronok
D:12:     orc_0_dummy, hangedman_decor_slide_cut
D:13:     grunt_vaults_entry_tiered, portal_ice_cave_demonic_guard, uniq_snorg
Temple:   jpeg_temple_clearing

Skill      XL: |  1  2  3  4  5  6  7  8  9 10 11 |
---------------+----------------------------------+-----
Fighting       | 4 5 6 8 10 12 13 | 13.6
Stealth        | 2 |  2.0
Armour         | 1 2 3 4 5 7 8 9 |  9.5
Axes           | 5 6 7 8 9 10 11 | 11.7
Invocations    | 1 3 5 7 8 |  8.0
Long Blades    | 2 |  2.0
Dodging        | 3 5 |  5.1

Action                   |  1- 3 |  4- 6 |  7- 9 | 10-12 || total
-------------------------+-------+-------+-------+-------++-------
Melee: Hand axe          |   129 |   399 |   654 |    60 ||  1242
       Scimitar          |       |       |       |   140 ||   140
       War axe           |       |       |       |   320 ||   320
Invok: Convert to Beogh  |       |     1 |       |       ||     1
       Smiting           |       |       |     8 |     1 ||     9
Evoke: Wand              |       |       |       |     2 ||     2
  Use: Scroll            |       |     7 |     3 |    15 ||    25
       Potion            |       |     4 |     3 |     5 ||    12
 Stab: Sleeping          |     3 |       |       |       ||     3
       Distracted        |     1 |       |       |       ||     1
       Paralysed         |       |       |       |     2 ||     2
  Eat: Chunk             |     2 |     6 |     6 |     9 ||    23
       Ration            |       |     2 |     3 |     3 ||     8
Armor: Robe              |    24 |       |       |       ||    24
       Chain mail        |     1 |   245 |   405 |       ||   651
       Plate armour      |       |       |     3 |   462 ||   465
       Skin              |       |       |       |     8 ||     8
Dodge: Dodged            |   111 |   120 |   217 |   218 ||   666
       Rpst.: Scimitar   |       |       |       |    21 ||    21

Table legend:
 A = Non-vault XP
 B = Vault XP
 C = Vault XP percentage of total XP
 D = Non-vault monster count
 E = Vault monster count
 F = Vault count percentage of total count
                 A         B        C        D         E       F
            +---------+---------+-------+---------+---------+-------
      Total |   16080 |    2188 |  12.0 |     265 |      15 |   5.4
            +---------+---------+-------+---------+---------+-------
        D:1 |      44 |       0 |   0.0 |      26 |       0 |   0.0
        D:2 |      61 |       0 |   0.0 |      17 |       0 |   0.0
        D:3 |      37 |       0 |   0.0 |      18 |       0 |   0.0
        D:4 |     485 |      64 |  11.7 |      31 |       9 |  22.5
        D:5 |     698 |      41 |   5.5 |      20 |       1 |   4.8
        D:6 |     615 |     212 |  25.6 |      15 |       1 |   6.2
        D:7 |     745 |       0 |   0.0 |      17 |       0 |   0.0
        D:8 |    2135 |     201 |   8.6 |      32 |       2 |   5.9
        D:9 |     784 |       0 |   0.0 |      12 |       0 |   0.0
       D:10 |     402 |       0 |   0.0 |       9 |       0 |   0.0
       D:11 |    2281 |    1309 |  36.5 |      25 |       1 |   3.8
       D:12 |    5191 |       0 |   0.0 |      32 |       0 |   0.0
       D:13 |    2602 |     361 |  12.2 |      11 |       1 |   8.3
            +---------+---------+-------+---------+---------+-------
